 Dungeon Crawl Stone Soup version 0.20-a0-513-g02c11fc (webtiles) character file.

46 polly the Conjurer (level 3, 0/14 HPs)
             Began as a Felid Conjurer on Jan 23, 2017.
             Slain by a hobgoblin
             ... wielding a +0 club
              (5 damage)
             ... on level 2 of the Dungeon.
             The game lasted 00:03:18 (1617 turns).

polly the Conjurer (Felid Conjurer)                 Turns: 1617, Time: 00:03:18

Health: 0/14       AC:  1    Str:  4    XL:     3   Next: 46%
Magic:  1/7        EV: 18    Int: 17    God:
Gold:   41         SH:  0    Dex: 16    Spells: 6/7 levels left
                                        Lives:  0   Deaths: 0

rFire    . . .     SeeInvis +   (weapon unavailable)
rCold    . . .     Gourm    .   (armour unavailable)
rNeg     . . .     Faith    .   (shield unavailable)
rPois    .         Spirit   .   (helmet unavailable)
rElec    .         Reflect  .   (cloak unavailable)
rCorr    .         Harm     .   (gloves unavailable)
MR       .....                  (boots unavailable)
Stlth    +++.......             (no amulet)
Regen    0.1/turn               (no ring)
                                (no ring)

@: quick
A: no armour, no weapons or thrown items, stealth, claws 1, fangs 3, see
invisible, carnivore 3, speed 1, shaggy fur 1, slow metabolism 1, sharp paws
a: no special abilities


You were on level 2 of the Dungeon.
You were full.

You visited 1 branch of the dungeon, and saw 2 of its levels.

You collected 41 gold pieces.

Inventory:

Jewellery
 e - an uncursed ring of flight {unknown}
Scrolls
 d - a scroll of fear {unknown}
 f - a scroll of identify {unknown}
Books
 a - a book of Conjurations

   Spells                             Type                      Level
   a - Magic Dart                     Conjuration                  1
   b - Searing Ray                    Conjuration                  2
   c - Dazzling Spray                 Conjuration/Hexes            3
   d - Fulminant Prism                Conjuration/Hexes            4
   e - Iskenderun's Mystic Blast      Conjuration                  4
   f - Iskenderun's Battlesphere      Conjuration/Charms           5
Comestibles
 b - 2 meat rations
 c - a royal jelly


   Skills:
 + Level 2.8 Dodging
 + Level 3.0 Stealth
 + Level 2.5 Spellcasting
 + Level 4.3 Conjurations


You had 6 spell levels left.
You knew the following spells:

 Your Spells              Type           Power        Failure   Level  Hunger
a - Magic Dart            Conj           ###.         2%          1    #......


Dungeon Overview and Level Annotations

Branches:
Dungeon (2/15)

Altars:


Innate Abilities, Weirdness & Mutations

You cannot wear armour.
You are incapable of wielding weapons or throwing items.
Your paws allow you to move quietly. (Stealth)
You have sharp claws.
You have razor-sharp teeth.
You have supernaturally acute eyesight. (SInv)
You are carnivorous and can eat meat at any time.
You cover ground quickly.
You are covered in fur. (AC +1)
You have a slow metabolism.
Your sharp claws are effective at attacking unaware monsters.


Message History

A worm comes into view.
The worm bites you.
A hobgoblin comes into view. It is wielding a club.
Casting: Magic Dart
Confirm with . or Enter, or press ? or * to list all spells.
Aiming: Magic Dart
Press: ? - help, Shift-Dir - straight line, f - hobgoblin, p - worm
Aim: a hobgoblin, wielding a club (resting)
The magic dart hits the hobgoblin.
The hobgoblin is almost dead.
The hobgoblin shouts!
The hobgoblin misses you.
You scratch the hobgoblin but do no damage.
The hobgoblin is almost dead.
The hobgoblin hits you with a club.
You scratch the hobgoblin but do no damage.
Your bite misses the hobgoblin.
The hobgoblin is almost dead.
The hobgoblin hits you with a club.
You die...

#..# #.###### #..#
#......# ..
#..#####.####.# #.
#..........##.# #w
#.#####w#.##.# .. #.#
#.#.##.# #. #.# #.#.##.#
#. #g# #.#.##.##
####.###########@#
#.#รท#...####
..............w..#
#.#........#
w>............####
#.###...##.#
###########.#.########.#
##.###.# #............#
#.# #.# ###.##########
##.###.# #.#
#####...##.# #.#
......#..... #.#
.####...##.#


You could see a worm and a hobgoblin.

Vanquished Creatures
  An adder (D:2)
  A worm (D:2)
  3 dart slugs
  2 giant cockroaches (D:1)
  A goblin (D:1)
  4 hobgoblins (D:1)
  A ball python (D:1)
  4 bats
  2 frilled lizards (D:1)
  5 kobolds
  6 rats (D:1)
30 creatures vanquished.

Notes
Turn   | Place    | Note
-------+----------+-------------------------------------------
     0 | D:1      | polly the Felid Conjurer began the quest for the Orb.
     0 | D:1      | Reached XP level 1. HP: 7/7 MP: 4/4
   448 | D:1      | Reached XP level 2. HP: 11/11 MP: 3/6
   532 | D:1      | Reached skill level 4 in Conjurations
  1203 | D:1      | Reached XP level 3. HP: 14/14 MP: 1/7
  1617 | D:2      | Slain by a hobgoblin

Vault maps used:
D:1:      lightli_arrival_lavapool, hangedman_decor_riveting,
          nrook_mini_backslash
D:2:      st_stairs_9, okawaru_ov_weapons_minmay

Skill      XL: |  1  2 |
---------------+-------+-----
Conjurations   | 4 |  4.3
Stealth        | 3 |  3.0
Dodging        | |  2.8
Spellcasting   | |  2.5

Action                   || total
-------------------------++-------
Melee: Unarmed           ||    40
       Bite              ||     1
 Cast: Magic Dart        ||    78
 Stab: Sleeping          ||     2
  Eat: Chunk             ||     7
Armor: Skin              ||     4
Dodge: Dodged            ||    35
